 Dungeon Crawl Stone Soup version 0.18-a0-1778-gadce9fa (webtiles) character file.

64345 poirepourri the Cleaver (level 14, -14/133 HPs)
             Began as a Deep Dwarf Fighter on Apr 16, 2016.
             Was the Champion of Makhleb.
             Demolished by an orc knight
             ... wielding a +2 great mace of protection
              (27 damage)
             ... while paralysed by an orc sorcerer
             ... on level 2 of the Orcish Mines.
             The game lasted 00:51:53 (18936 turns).

poirepourri the Cleaver (Deep Dwarf Fighter)       Turns: 18936, Time: 00:51:54

Health: -14/133    AC: 23    Str: 29    XL:     14   Next: 71%
Magic:  9/9        EV:  2    Int:  9    God:    Makhleb [******]
Gold:   1881       SH:  0    Dex: 17    Spells: 0 memorised, 13 levels left

rFire  . . .     SeeInvis .     a - +2 war axe
rCold  . . .     Gourm    +     b - +6 scale mail
rNeg   + . .     Faith    .     U - +2 shield
rPois  .         Spirit   .     P - +1 helmet
rElec  .         Dismiss  .     H - +2 cloak
rCorr  .         Reflect  .     R - +1 pair of gloves
SustAt .         Harm     .     (no boots)
MR     ++...                    D - amulet of the gourmand
Stlth  ++........               G - +5 ring of dexterity
                                i - +4 ring of strength

@: paralysed, non-regenerating, very resistant to hostile enchantments,
unstealthy
A: damage resistance, recharge devices, talons 1, negative energy resistance 1,
sense surroundings 2, slow regeneration 3
a: Device Recharging, Minor Destruction, Lesser Servant of Makhleb, Major
Destruction, Greater Servant of Makhleb, Renounce Religion


You were on level 2 of the Orcish Mines.
You worshipped Makhleb.
Makhleb was exalted by your worship.
You were not hungry.

You visited 4 branches of the dungeon, and saw 23 of its levels.

You collected 2089 gold pieces.
You spent 208 gold pieces at shops.

Inventory:

Hand Weapons
 a - a +2 war axe (weapon)
Missiles
 q - 57 bolts
Armour
 b - a +6 scale mail (worn)
 H - a +2 cloak (worn)
 P - a +1 helmet (worn)
 R - a +1 pair of gloves (worn)
 U - a +2 shield (worn)
Jewellery
 d - an uncursed ring of positive energy
 i - a +4 ring of strength (left hand)
 l - a +3 ring of dexterity
 p - an uncursed ring of see invisible {unknown}
 r - the ring of Fallacy {MR+ Stlth-, unknown}
   (You found it on level 4 of the Lair of Beasts)

   [ring of loudness]

   It affects your resistance to hostile enchantments.
   It makes you less stealthy.
 t - a cursed ring of teleportation {unknown}
 v - an uncursed ring of magical power {unknown}
 y - an uncursed amulet of dismissal
 C - a cursed ring of flight
 D - an amulet of the gourmand (around neck)
 G - a +5 ring of dexterity (right hand)
 J - the ring of the Falcon {rN+ Slay+2 Stlth+, unknown}
   (You found it on level 7 of the Dungeon)

   [ring of stealth]

   It affects your accuracy and damage with ranged weapons and melee attacks
   (+2).
   It protects you from negative energy.
   It makes you more stealthy.
 K - an uncursed ring of protection from magic {unknown}
 M - an uncursed ring of stealth
 O - an uncursed ring of positive energy
 Y - a +3 ring of protection
Wands
 e - a wand of heal wounds (1/9)
 n - a wand of polymorph (6/24)
 A - a wand of paralysis (15/24)
 F - a wand of disintegration (0/24)
 I - a wand of acid (4/15)
 Q - a wand of lightning (4/15)
 S - a wand of enslavement (16/24)
 V - a wand of confusion (27/48)
 X - a wand of paralysis (12/24)
 Z - a wand of lightning (7/15)
Scrolls
 c - 2 scrolls of teleportation
 f - 2 scrolls of remove curse
 T - 2 scrolls of magic mapping
Potions
 g - a potion of curing
 j - 4 potions of lignification
 k - 4 potions of haste
 m - 5 potions of brilliance
 s - 3 potions of agility
 z - 4 potions of mutation
 B - a potion of resistance
 L - a potion of ambrosia
 N - 4 potions of cure mutation
Comestibles
 h - 6 meat rations
 o - a slice of pizza
 x - 7 bread rations
 E - 11 royal jellies


   Skills:
 + Level 10.3 Fighting
 + Level 14.2 Axes
 + Level 10.3 Armour
 + Level 12.0 Dodging
 + Level 4.3 Stealth
 + Level 13.9 Shields
 + Level 6.1 Invocations
 + Level 4.0 Evocations


You had 13 spell levels left.
You didn't know any spells.

Dungeon Overview and Level Annotations

Branches:
Dungeon (12/15)            Temple (1/1) D:6            Lair (8/8) D:10
  Swamp (0/4) Lair:4        Snake (0/4) Lair:4        Slime (0/6) Lair:6
    Orc (2/2) D:9             Elf (0/3) Orc:2

Altars:
Ashenzari
Cheibriados
Dithmenos
Elyvilon
Fedhas
Gozag
Kikubaaqudgha
Makhleb
Nemelex Xobeh
Okawaru
Pakellas
Qazlal
Ru
Sif Muna
Trog
Vehumet
Xom
Yredelemnul
Zin
The Shining One
Beogh

Shops:
D:9 *

Annotations:
D:3 Ijyb


Innate Abilities, Weirdness & Mutations

You are resistant to damage.
You can recharge devices by infusing magical energy.
You resist negative energy.
You passively map the area around you.
You do not regenerate naturally.
You have sharp toenails.


Message History

The orc warlord's wounds heal themselves!
The red devil hits you but does no damage.
The orc warlord hits you with a great sword!!
The orc warrior hits you but does no damage.
The orc knight hits you with a great mace of protection!!
* * * LOW HITPOINT WARNING * * *
The orc warrior no longer looks unusually strong.
The orc knight no longer looks unusually strong.
The orc high priest no longer looks unusually strong.
The orc warrior hits you but does no damage.
The orc knight hits you but does no damage.
The red devil hits you from afar with a trident!
* * * LOW HITPOINT WARNING * * *
The ogre hits you with a giant club!
* * * LOW HITPOINT WARNING * * *
The orc warlord hits you with a great sword.
* * * LOW HITPOINT WARNING * * *
The orc warrior hits you with a hand axe.
The orc knight hits you with a great mace of protection!!
You die...

, , , , ** , , , , , ,...
*#.###.... , , , ....*
##.#.#.... , * ,
...P###.........,,
#....8......#.......... ,,
, *.......................
,,, ,
*#.......##...$..o......,,,
#.......#.#..)ooO.....P
##...........ยง)o@o4o....
#...........#.#)4o...... ,
.............#.......... ,
, #.......................,
, ........##..............
* ,
........#............... ,
, ,
>...)..###..............
.......##<#.............
........................,


You could see an orc warlord, 2 orc knights, an orc high priest, a sixfirhy, an
orc sorcerer, a red devil, 2 orc warriors and an ogre.

Vanquished Creatures
  Harold (Orc:1)
  An ice dragon (Lair:8)
  2 hydras
  Erolcha (Orc:1)
  Erica (Lair:1)
  A death yak (Lair:7)
  3 orc high priests
  An unseen horror (D:11)
  2 lindwurms (Lair:8)
  A hill giant (D:12)
  2 orc sorcerers
  A cyclops (D:9)
  2 black mambas
  3 centaur zombies
  Psyche (D:8)
  4 elephants
  A gargoyle (D:12)
  6 torpor snails
  7 komodo dragons
  2 rime drakes
  9 spiny frogs
  3 trolls
  9 polar bears
  4 two-headed ogres
  2 slime creatures
  2 raiju (Lair:8)
  2 giant leeches (Lair:8)
  19 blink frogs
  2 boulder beetles (Lair:8)
  Sigmund (D:2)
  A wraith (D:11)
  A wyvern (Lair:3)
  Eustachio (D:6)
  8 humans
  3 basilisks
  3 hippogriffs
  35 yaks
  2 hungry ghosts
  A steam dragon (Lair:4)
  10 vampire mosquitoes
  10 wargs
  A soldier ant (D:12)
  6 hell hounds (Lair:8)
  6 water moccasins
  Duvessa (D:6)
  12 porcupines
  9 orc warriors
  14 black bears
  2 wasps (Lair:8)
  An ice beast (D:11)
  A phantom (D:4)
  A sky beast (D:12)
  10 ogres
  18 wolves
  An eye of draining (D:12)
  2 centaurs
  14 crocodiles
  Blork the orc (D:6)
  A big kobold (D:7)
  19 giant frogs
  A gnoll sergeant (D:9)
  Dowan (D:6)
  A wyvern skeleton (D:10)
  4 scorpions
  10 wights
  4 killer bees (D:11)
  An electric eel (Lair:4)
  8 howler monkeys
  7 crimson imps
  A quasit (D:6)
  6 giant frog zombies
  14 two-headed ogre zombies (Orc:1)
  3 giant frog skeletons
  16 jellies
  15 orc priests
  18 hounds
  17 orc wizards
  6 iguanas
  10 worker ants
  11 sheep
  A hound zombie (D:5)
  A howler monkey zombie (D:6)
  A worker ant zombie (D:7)
  8 gnolls
  9 adders
  62 river rats
  2 shadow imps
  14 oozes
  2 adder zombies
  An adder skeleton (D:4)
  20 worms
  A dart slug (D:1)
  8 giant geckos
  62 orcs
  5 giant cockroaches
  4 goblins
  3 hobgoblins
  8 jackals
  13 kobolds
  7 quokkas
  3 ball pythons (D:1)
  6 bats
  8 giant newts
  3 jackal skeletons
  7 rats
  9 fungi
  7 plants
720 creatures vanquished.

Vanquished Creatures (collateral kills)
  Rupert (Lair:5)
  Nessos (Lair:5)
  6 hydras
  3 death yaks (Lair:7)
  Sonja (D:10)
  A griffon (Lair:8)
  12 elephants
  Joseph (D:10)
  3 torpor snails
  A rime drake (Lair:8)
  A komodo dragon (Lair:8)
  A giant leech (Lair:8)
  3 blink frogs (Lair:8)
  5 yaks (Lair:7)
  A hippogriff (Lair:5)
  A steam dragon (Lair:5)
  A warg (Lair:8)
  2 porcupines
  A water moccasin (Lair:7)
  An ice beast (D:10)
  A wasp (Lair:8)
  6 wolves (Lair:8)
  A crocodile (Lair:3)
  A giant frog (Lair:5)
  2 hounds (Lair:8)
  3 river rats (Lair:7)
  5 worms (Lair:8)
  2 orcs (D:10)
  3 jackals (Lair:8)
71 creatures vanquished.

Vanquished Creatures (others)
  A giant frog (Lair:5)
  64 fungi
  40 plants
105 creatures vanquished.

Grand Total: 896 creatures vanquished

Notes
Turn   | Place    | Note
--------------------------------------------------------------
     0 | D:1      | poirepourri the Deep Dwarf Fighter began the quest for the Orb.
     0 | D:1      | Reached XP level 1. HP: 20/20 MP: 1/1
    79 | D:1      | Reached XP level 2. HP: 27/27 MP: 2/2
   645 | D:1      | Reached XP level 3. HP: 26/34 MP: 3/3
   742 | D:2      | Found a snail-covered altar of Cheibriados.
   778 | D:2      | Reached skill level 1 in Dodging
   821 | D:2      | Found an opulent altar of Gozag.
   852 | D:2      | Noticed Sigmund
   858 | D:2      | Killed Sigmund
   858 | D:2      | Reached skill level 3 in Axes
   858 | D:2      | Reached XP level 4. HP: 37/42 MP: 4/4
   858 | D:2      | Reached XP level 5. HP: 43/49 MP: 5/5
  1604 | D:3      | Noticed Ijyb
  1622 | D:3      | Reached skill level 5 in Armour
  1644 | D:3      | Reached XP level 6. HP: 29/56 MP: 6/6
  1860 | D:3      | Found a glowing golden altar of the Shining One.
  2005 | D:3      | Reached skill level 4 in Axes
  2029 | D:3      | Found a glowing silver altar of Zin.
  2416 | D:4      | Reached skill level 5 in Shields
  2416 | D:4      | Reached XP level 7. HP: 35/62 MP: 5/5
  2729 | D:5      | Entered Level 5 of the Dungeon
  2739 | D:5      | Found a stormy altar of Qazlal.
  3178 | D:6      | Noticed Dowan
  3179 | D:6      | Noticed Duvessa
  3196 | D:6      | Killed Duvessa
  3202 | D:6      | Reached skill level 5 in Axes
  3205 | D:6      | Killed Dowan
  3205 | D:6      | Reached XP level 8. HP: 51/72 MP: 6/6
  3255 | D:6      | Noticed Eustachio
  3277 | D:6      | Killed Eustachio
  3355 | D:6      | Found a staircase to the Ecumenical Temple.
  3410 | D:6      | Noticed Blork the orc
  3426 | D:6      | Killed Blork the orc
  3776 | D:7      | Found a bloodstained altar of Trog.
  3781 | D:7      | Got a transparent silver ring
  3837 | D:7      | Reached skill level 6 in Axes
  3971 | D:7      | Reached skill level 5 in Fighting
  4079 | D:7      | Found a deep blue altar of Sif Muna.
  4101 | D:7      | Gained mutation: You passively map the area around you. [Deep Dwarf growth]
  4101 | D:7      | Reached XP level 9. HP: 43/81 MP: 7/7
  4137 | D:7      | Reached skill level 1 in Evocations
  4266 | Temple   | Entered the Ecumenical Temple
  4570 | Temple   | Became a worshipper of Makhleb the Destroyer
  4599 | D:6      | You fall through a shaft for 2 floors!
  4607 | D:8      | Found a basalt altar of Yredelemnul.
  4735 | D:8      | Reached skill level 7 in Axes
  4865 | D:8      | Noticed Psyche
  4884 | D:8      | Killed Psyche
  4978 | D:8      | Reached skill level 1 in Stealth
  5095 | D:8      | Reached skill level 5 in Dodging
  5220 | D:9      | Reached * piety under Makhleb
  5380 | D:9      | Reached XP level 10. HP: 42/91 MP: 9/9
  5472 | D:9      | Noticed a cyclops
  5490 | D:9      | Reached skill level 8 in Axes
  5506 | D:9      | Killed a cyclops
  5688 | D:9      | Reached ** piety under Makhleb
  5802 | D:9      | Found a staircase to the Orcish Mines.
  5920 | D:9      | Found Oqoizeqo's General Store.
  5935 | D:9      | Reached *** piety under Makhleb
  5990 | D:9      | Bought a potion of heal wounds for 80 gold pieces
  5990 | D:9      | Bought a scroll of identify for 32 gold pieces
  5990 | D:9      | Bought a scroll of identify for 32 gold pieces
  5990 | D:9      | Bought a scroll of identify for 32 gold pieces
  5990 | D:9      | Bought a scroll of identify for 32 gold pieces
  6438 | D:10     | Entered Level 10 of the Dungeon
  6530 | D:10     | Found a staircase to the Lair.
  6572 | D:10     | Reached **** piety under Makhleb
  6641 | D:10     | Noticed Sonja
  6671 | D:10     | Killed Sonja
  6677 | D:10     | Noticed Joseph
  6696 | D:10     | Killed Joseph
  6696 | D:10     | Reached skill level 9 in Axes
  6696 | D:10     | Reached skill level 1 in Invocations
  7522 | D:11     | Reached XP level 11. HP: 81/99 MP: 8/8
  7824 | D:11     | Reached skill level 10 in Shields
  7893 | D:11     | Reached ***** piety under Makhleb
  8169 | D:11     | Killed an unseen horror
  8169 | D:11     | Reached skill level 10 in Axes
  8650 | D:12     | Found a basalt altar of Yredelemnul.
  8651 | D:12     | Noticed a hill giant
  8661 | D:12     | Killed a hill giant
  9085 | Lair:1   | Entered Level 1 of the Lair of Beasts
  9097 | Lair:1   | Reached skill level 11 in Axes
  9420 | Lair:1   | Noticed Erica
  9434 | Lair:1   | Killed Erica
  9434 | Lair:1   | Reached XP level 12. HP: 68/111 MP: 9/9
 10107 | Lair:2   | Reached ****** piety under Makhleb
 11044 | Lair:3   | Found a frozen archway.
 11626 | Lair:4   | Noticed a five-headed hydra
 11636 | Lair:4   | Noticed a blizzard demon
 11698 | Lair:4   | Reached skill level 12 in Axes
 11744 | Lair:4   | Noticed a four-headed hydra
 11760 | Lair:4   | Noticed a cacodemon
 11776 | Lair:3   | Noticed a green death
 11792 | Lair:3   | Killed a ten-headed hydra
 11850 | Lair:4   | Got a steaming golden ring
 11940 | Lair:4   | Found a staircase to the Swamp.
 12048 | Lair:4   | Found a staircase to the Snake Pit.
 12568 | Lair:5   | Noticed Rupert
 12618 | Lair:5   | Killed Rupert
 12618 | Lair:5   | Reached skill level 10 in Dodging
 12623 | Lair:5   | Reached XP level 13. HP: 58/121 MP: 10/10
 12847 | Lair:5   | Noticed Nessos
 12888 | Lair:5   | Killed Nessos
 13794 | Lair:6   | Found a staircase to the Slime Pits.
 13868 | Lair:6   | Found a runed door.
 15171 | Lair:8   | Entered Level 8 of the Lair of Beasts
 15313 | Lair:7   | Reached skill level 5 in Invocations
 15348 | Lair:7   | Reached skill level 10 in Armour
 15510 | Lair:7   | Reached skill level 13 in Axes
 15918 | Lair:8   | Found a runed door.
 16284 | Lair:8   | Gained mutation: You resist negative energy. [Deep Dwarf growth]
 16284 | Lair:8   | Reached XP level 14. HP: 113/130 MP: 10/10
 16528 | Lair:8   | Gained mutation: You have sharp toenails. [potion of beneficial mutation]
 16745 | Lair:8   | Reached skill level 10 in Fighting
 18013 | Orc:1    | Entered Level 1 of the Orcish Mines
 18029 | Orc:1    | Noticed Harold
 18054 | Orc:1    | Killed Harold
 18330 | Orc:1    | Found a roughly hewn altar of Beogh.
 18440 | Orc:1    | Noticed Erolcha
 18461 | Orc:1    | Killed Erolcha
 18461 | Orc:1    | Reached skill level 14 in Axes
 18878 | Orc:2    | Entered Level 2 of the Orcish Mines
 18878 | Orc:2    | Found a staircase to the Elven Halls.
 18920 | Orc:2    | Noticed an orc warlord
 18934 | Orc:2    | Paralysed by an orc sorcerer for 6 turns
 18936 | Orc:2    | Demolished by an orc knight

Vault maps used:
D:1:      ncdulo_watergridlock, minmay_shallow_snake_nest
D:2:      nicolae_gozag_cash_rules_everything_around_me, lemuel_crystal_altar,
          uniq_sigmund
D:3:      zin_scriptorium, nicolae_tso_carved_into_rock, minmay_ruptured,
          uniq_iyjb
D:4:      grunt_tough_drop
D:5:      grunt_qazlal_sundering, first_bread
D:6:      minmay_temple_entry_fiery, uniq_blork_the_orc, uniq_duvessa,
          uniq_eustachio
D:7:      led_sif_book, bloody_trog
D:8:      yredelemnul_altar_generic, uniq_psyche
D:9:      lemuel_slime, hiddenorc2_lemuel, serial_shops, shop
D:10:     erik_lair_orcish_takeover, uniq_joseph, uniq_sonja
D:12:     basic_altar
Temple:   oiseaux_autumnal_temple_12
Lair:1:   uniq_erica
Lair:3:   portal_ice_cave_entry_pillars_03
Lair:4:   minmay_swamp_entry_swarm, dummy_snake_entry, bobbens_dragon_lair_wall
Lair:5:   minivault_24, uniq_nessos, uniq_rupert
Lair:6:   minmay_slime_entry_pillars, minmay_hedge_maze, pf_torpor_hydra,
          serial_bayou_shore_b, grunt_megastairs_5, lemuel_fruit_fields
Lair:7:   erik_1
Lair:8:   hangedman_lair_caniforms_friends, wormcave, serial_bayou_pond_a,
          infiniplex_staircase_pool_2
Orc:1:    lemuel_ogre_cave, basic_altar, uniq_josephine, uniq_harold,
          uniq_erolcha
Orc:2:    grunt_orc_gardens, grunt_orc_garden, grunt_orc_garden,
          grunt_orc_garden, grunt_orc_garden

Skill      XL: |  1  2  3  4  5  6  7  8  9 10 11 12 13 14 |
---------------+-------------------------------------------+-----
Fighting       | 3 4 5 6 8 9 10 | 10.3
Dodging        | 1 2 3 4 5 7 8 10 11 12 | 12.0
Armour         | 4 5 6 7 8 9 10 | 10.3
Axes           | 3 4 5 6 7 9 11 12 13 14 | 14.2
Shields        | 4 5 6 8 9 10 12 13 | 13.9
Evocations     | 2 3 4 |  4.0
Stealth        | 1 2 3 4 |  4.3
Invocations    | 1 3 6 |  6.1

Action                   |  1- 3 |  4- 6 |  7- 9 | 10-12 | 13-15 || total
-------------------------+-------+-------+-------+-------+-------++-------
Melee: War axe           |    81 |   229 |   450 |  1196 |  1048 ||  3004
       Kick              |       |       |       |       |   248 ||   248
Invok: Lesser Servant of |       |       |       |    10 |    53 ||    63
       Greater Servant o |       |       |       |     5 |       ||     5
 Abil: Device Recharging |       |     2 |       |     3 |     4 ||     9
Evoke: Wand              |     1 |     6 |    13 |    26 |    21 ||    67
  Use: Scroll            |     2 |     7 |     8 |    32 |    12 ||    61
       Potion            |     1 |       |     4 |    12 |    10 ||    27
 Stab: Distracted        |       |       |       |     1 |    15 ||    16
  Eat: Bread ration      |       |     1 |     1 |     2 |       ||     4
       Meat ration       |       |     1 |     5 |     3 |     3 ||    12
       Pizza             |       |       |     1 |     1 |       ||     2
       Beef jerky        |       |       |       |     2 |       ||     2
       Fruit             |       |       |       |     1 |     6 ||     7
       Royal jelly       |       |       |       |       |     3 ||     3
Armor: Scale mail        |    35 |   124 |   194 |   457 |   447 ||  1257
Dodge: Dodged            |    26 |    78 |   201 |   752 |   848 ||  1905
Block: Shield            |    37 |   157 |   319 |   977 |  1252 ||  2742
